 Dungeon Crawl Stone Soup version 0.29.1-12-g30fa7ad0bf (webtiles) character file.

Game seed: 14998875172398998050

15083 EarthwalkerPL the Protected (level 11, -15/107 HPs)
             Began as a Minotaur Fighter on Jan 6, 2023.
             Was a High Priest of Okawaru.
             Demolished by Jorgrun
             ... wielding a +0 vorpal quarterstaff
              (22 damage)
             ... on level 1 of the Orcish Mines.
             The game lasted 00:26:33 (15321 turns).

EarthwalkerPL the Protected (Minotaur Fighter)     Turns: 15321, Time: 00:26:34

Health: -15/107    AC: 13    Str: 28    XL:     11   Next: 97%
Magic:  10/10      EV:  9    Int:  5    God:    Okawaru [*****.]
Gold:   802        SH: 17    Dex: 10    Spells: 10/10 levels left

rFire   + + .      SeeInvis .   Z - +9 war axe "Hiubuyj" {vorpal, *Rage rPois rF+ Str+3}
rCold   + + +      Faith    .   N - +2 kite shield
rNeg    + . .      Spirit   .   p - +2 scale mail {rN+}
rPois   +          Reflect  +   (helmet restricted)
rElec   .          Harm     .   (no cloak)
rCorr   .          Rampage  .   R - +0 pair of gloves
Will    +....      Rage     20% (no boots)
Stlth   ..........              k - amulet "Meetoy" {Reflect rC++ Will+ Slay+2 SH+5}
HPRegen 0.27/turn               L - ring of protection from fire
MPRegen 0.12/turn               Q - ring of protection from cold

@: no status effects
A: horns 2, retaliatory headbutt
a: Renounce Religion, Heroism, Finesse, Duel


You were on level 1 of the Orcish Mines.
You worshipped Okawaru.
Okawaru was extremely pleased with you.
You visited 2 branches of the dungeon, and saw 14 of its levels.
You also visited: Sewer.

You collected 802 gold pieces.

Inventory:

Hand Weapons
 a - a +0 war axe
 E - a +0 war axe of electrocution
 Z - the +9 war axe "Hiubuyj" (weapon) {vorpal, *Rage rPois rF+ Str+3}
   (Okawaru gifted it to you on level 12 of the Dungeon)

   It inflicts extra damage upon your enemies.
   Str:       It affects your strength (+3).
   rF:        It protects you from fire.
   rPois:     It protects you from poison.
   *Rage:     It berserks you when you make melee attacks (+20% chance).
Missiles
 e - 2 silver javelins (quivered)
 o - 21 poisoned darts
 u - 16 boomerangs
 G - 2 boomerangs of dispersal
 M - 6 javelins
Armour
 p - a +2 scale mail of positive energy (worn)
 N - a +2 kite shield (worn)
 R - a +0 pair of gloves (worn)
Jewellery
 k - the amulet "Meetoy" (around neck) {Reflect rC++ Will+ Slay+2 SH+5}
   (You acquired it on level 12 of the Dungeon)

   [amulet of reflection]

   It reflects blocked missile attacks.
   Slay:      It affects your accuracy & damage with ranged weapons and melee
   (+2).
   rC:        It greatly protects you from cold.
   SH:        It affects your SH (+5).
   Will:      It increases your willpower.
 L - a ring of protection from fire (left hand)
 Q - a ring of protection from cold (right hand)
 T - a ring of fire
 U - a ring of protection from fire
Wands
 b - a wand of mindburst (4)
 n - a wand of light (9)
 J - a wand of flame (35)
 K - a wand of roots (19)
Scrolls
 f - 6 scrolls of immolation
 j - 3 scrolls of butterflies
 l - 3 scrolls of fear
 m - 3 scrolls of enchant weapon
 q - 5 scrolls of teleportation
 y - 2 scrolls of brand weapon
 A - 4 scrolls of summoning
 B - a scroll of poison
 C - 5 scrolls of noise
 F - 3 scrolls of amnesia
 H - 2 scrolls of torment
 I - 2 scrolls of vulnerability
 O - a scroll of silence
 P - 3 scrolls of blinking {unknown}
 S - 3 scrolls of magic mapping {unknown}
 X - a scroll of identify
Potions
 d - 3 potions of might
 g - a potion of berserk rage {unknown}
 h - 3 potions of attraction {unknown}
 i - a potion of brilliance {unknown}
 r - 2 potions of cancellation {unknown}
 s - a potion of invisibility {unknown}
 t - a potion of lignification {unknown}
 v - 5 potions of heal wounds {unknown}
 w - 8 potions of curing {unknown}
 x - 2 potions of magic {unknown}
 z - 3 potions of degeneration
 D - 7 potions of flight
 V - a potion of ambrosia {unknown}
 W - 2 potions of mutation {unknown}
 Y - a potion of haste {unknown}


   Skills:
 * Level 13.0 Fighting
 * Level 12.6 Axes
 * Level 13.0 Armour
 + Level 9.6 Shields


You had 10 spell levels left.
You didn't know any spells.
Your spell library contained the following spells:

 Spells                   Type           Power      Damage    Failure   Level
 Apportation              Tloc           0%         N/A       91%         1
 Beastly Appendage        Tmut           0%         N/A       91%         1
 Sandblast                Erth           0%         2d4       91%         1
 Passwall                 Tmut/Erth      0%         N/A       97%         2
 Wereblood                Tmut           0%         N/A       97%         2
 Conjure Flame            Conj/Fire      0%         6-21      100%        3
 Ignite Poison            Fire/Tmut/Pois 0%         N/A       100%        3
 Spider Form              Tmut/Pois      0%         N/A       100%        3
 Stone Arrow              Conj/Erth      0%         3d7       100%        3
 Leda's Liquefaction      Hex/Erth       0%         N/A       100%        4
 Sticky Flame             Conj/Fire      0%         2d3       100%        4
 Alistair's Intoxication  Tmut/Pois      0%         N/A       100%        5
 Lee's Rapid Deconstruct  Erth           0%         3d5*      100%        5
 Statue Form              Tmut/Erth      0%         N/A       100%        6
 Orb of Destruction       Conj           0%         9d5       100%        7
 Summon Small Mammal      Summ           Unusable   N/A       N/A         1
 Call Canine Familiar     Summ           Unusable   N/A       N/A         3
 Summon Guardian Golem    Hex/Summ       Unusable   N/A       N/A         3
 Spellforged Servitor     Conj/Summ      Unusable   N/A       N/A         7

Dungeon Overview and Level Annotations

Branches:
Dungeon (12/15)            Temple (0/1) D:7            Lair (0/5) D:10
    Orc (2/2) D:12          Sewer (visited)
    Elf: Orc:2

Altars:
Fedhas
Gozag
Nemelex Xobeh
Okawaru
Yredelemnul
Zin

Shops:
D:1 :   D:7 :

Annotations:
D:6 3 runed translucent doors, Henri's ghost, novice VSEn
Orc:1 1 transporter, Jorgrun; destino's ghost, journeyman DEFE


Innate Abilities, Weirdness & Mutations

You have a pair of horns on your head.
You reflexively headbutt those who attack you in melee.


Message History

The orc warrior barely misses you. You furiously retaliate!
You headbutt the orc warrior!
The orc warrior hits you but does no damage.
The two-headed ogre closely misses you. You furiously retaliate!
You headbutt the two-headed ogre, but do no damage.
You block the two-headed ogre's attack.
Jorgrun points at you and mumbles some strange words.
Roots burst forth from the earth!
The grasping roots grab you! The grasping roots constrict you!!
The roots lose their grip on you.
You climb upwards.
Level annotation: 1 transporter, destino's ghost, journeyman DEFE
There is a stone staircase leading down here.
You slash Jorgrun!
Jorgrun is lightly wounded.
You barely miss the two-headed ogre. You barely miss the orc warrior.
You hit the orc warrior but do no damage.
You slash the two-headed ogre! You barely miss the orc.
You block the two-headed ogre's attack.
The two-headed ogre hits you with a +0 giant club!!
* * * LOW HITPOINT WARNING * * *
Jorgrun hits you but does no damage. You block the orc warrior's attack.
The orc hits you with a +0 short sword.
* * * LOW HITPOINT WARNING * * *
You block the orc warrior's attack.
Unknown command.
You slash Jorgrun! You headbutt Jorgrun!
Jorgrun is moderately wounded.
You slash the two-headed ogre! You slice the orc!!
You kill the orc!
Okawaru accepts your kill.
You barely miss the two-headed ogre. You hit the orc warrior.
You closely miss the orc warrior.
The two-headed ogre hits you with a +0 giant club.
* * * LOW HITPOINT WARNING * * *
The two-headed ogre hits you with a +0 giant spiked club!!
* * * LOW HITPOINT WARNING * * *
You block the orc warrior's attack. x2
Jorgrun hits you with a +0 vorpal quarterstaff!!
You die...

###........###..##
##.##.#.....#.....##
#...##.............#
.###.##.........#...##
.##............#....##
.###............#....#
.##....))[...........#
.###.#)<)[.....)oo...#
O######)##.....)@O..##
### ####.....O[g..#
..# ####.#.......##
..######.#...........#
#.##..#.............##
....................##
......#..............#
##.#..#.............##
###....#...........##


You could see Jorgrun, 2 two-headed ogres and 2 orc warriors.

Vanquished Creatures
  4 two-headed ogres
  An orc sorcerer (Orc:1)
  A deep elf pyromancer (D:9)
  2 manticores
  A cyclops (D:12)
  An elephant (shapeshifter) (D:10)
  A komodo dragon (D:11)
  2 unseen horror zombies (D:8)
  6 trolls
  2 wyverns
  2 shadows
  Eustachio (D:6)
  4 wraiths
  A basilisk (D:12)
  6 yaks (D:9)
  4 vampire mosquitoes (D:12)
  A steam dragon (D:10)
  2 wargs
  2 acid dragons (D:11)
  8 orc warriors
  An ice beast (D:5)
  A black bear (D:5)
  5 ogres
  3 wolves (D:10)
  2 centaurs
  A phantom (D:6)
  A bullfrog (D:8)
  A gnoll sergeant (D:3)
  2 kobold brigands (D:8)
  4 scorpions
  7 necrophages
  2 electric eels (D:10)
  4 howler monkeys
  A human zombie (D:8)
  3 centaur zombies (D:8)
  2 jellies (D:7)
  11 orc priests
  13 hounds
  Terence (D:2)
  An iguana (D:5)
  18 orc wizards
  A killer bee zombie (D:8)
  A howler monkey zombie (D:8)
  22 gnolls
  19 adders
  3 river rats
  2 white imps
  An ufetubus (D:6)
  A worm (D:3)
  A dart slug (D:5)
  56 orcs
  9 bats
  6 endoplasms
  2 giant cockroaches
  3 goblins
  5 hobgoblins
  27 jackals
  6 quokkas
  8 ball pythons
  2 frilled lizards
  16 kobolds
  4 rats
331 creatures vanquished.

Vanquished Creatures (others)
  2 fungi (D:6)
  3 plants
5 creatures vanquished.

Grand Total: 336 creatures vanquished

Notes
Turn   | Place    | Note
-------+----------+-------------------------------------------
     0 | D:1      | EarthwalkerPL the Minotaur Fighter began the quest for the
                  | Orb.
     0 | D:1      | Reached XP level 1. HP: 19/19 MP: 0/0
   434 | D:1      | Found Nuyzar's Book Shop.
   638 | D:2      | Reached XP level 2. HP: 27/27 MP: 1/1
   832 | D:2      | Found a faded altar of an unknown god.
  1006 | D:2      | Reached XP level 3. HP: 32/33 MP: 2/2
  1115 | D:2      | Noticed Terence
  1125 | D:2      | Killed Terence
  1265 | D:2      | You fall into a shaft and drop 2 floors!
  1341 | D:4      | Reached XP level 4. HP: 39/41 MP: 3/3
  1461 | D:4      | Reached skill level 5 in Armour
  1461 | D:4      | Reached XP level 5. HP: 33/47 MP: 4/4
  1737 | D:4      | Reached skill level 5 in Fighting
  1775 | D:5      | Entered Level 5 of the Dungeon
  2066 | D:4      | Reached XP level 6. HP: 45/56 MP: 5/5
  2417 | D:3      | Found a sparkling altar of Nemelex Xobeh.
  2457 | D:3      | Found a glowing silver altar of Zin.
  2695 | D:3      | Found a glowing drain.
  2699 | Sewer    | Entered a sewer
  2811 | Sewer    | Reached skill level 5 in Axes
  3502 | D:3      | Reached XP level 7. HP: 59/62 MP: 6/6
  3703 | D:3      | Reached skill level 5 in Shields
  4588 | D:5      | Reached XP level 8. HP: 68/71 MP: 7/7
  5083 | D:5      | Found an iron altar of Okawaru.
  5088 | D:5      | Became a worshipper of Warmaster Okawaru
  5362 | D:5      | Reached * piety under Okawaru
  5514 | D:5      | Reached XP level 9. HP: 16/82 MP: 8/8
  6069 | D:6      | Noticed Eustachio
  6207 | D:6      | Killed Eustachio
  6308 | D:6      | Reached ** piety under Okawaru
  6681 | D:6      | Noticed a kobold demonologist
  6682 | D:6      | Found a runed translucent gate.
  6688 | D:6      | Found a runed translucent gate.
  6689 | D:6      | Noticed Henri's ghost (novice VSEn)
  6949 | D:6      | Found a runed translucent gate.
  7940 | D:7      | Found a staircase to the Ecumenical Temple.
  8078 | D:7      | Found Pife's Book Boutique.
  8085 | D:7      | Noticed a five-headed hydra
  8200 | D:8      | Found an opulent altar of Gozag.
  8278 | D:8      | Found a blossoming altar of Fedhas.
  9056 | D:8      | Reached *** piety under Okawaru
  9067 | D:8      | Found a basalt altar of Yredelemnul.
  9076 | D:8      | Reached skill level 10 in Armour
  9076 | D:8      | Reached XP level 10. HP: 91/93 MP: 9/9
  9091 | D:8      | Reached skill level 10 in Fighting
  9386 | D:9      | Reached skill level 10 in Axes
  9482 | D:9      | Identified the +0 ring mail of Miracles {Str+5}
  9519 | D:9      | Noticed a deep elf pyromancer
  9525 | D:9      | Killed a deep elf pyromancer
  9525 | D:9      | Reached **** piety under Okawaru
  9682 | D:9      | Noticed a two-headed ogre
  9692 | D:9      | Killed a two-headed ogre
 10544 | D:10     | Entered Level 10 of the Dungeon
 11090 | D:10     | Noticed an elephant
 11107 | D:10     | Killed an elephant
 11508 | D:10     | Reached XP level 11. HP: 100/102 MP: 10/10
 11526 | D:10     | Found a staircase to the Lair.
 12239 | D:11     | Reached ***** piety under Okawaru
 12348 | D:11     | Noticed a two-headed ogre
 12367 | D:11     | Killed a two-headed ogre
 13540 | D:12     | Identified a scroll of acquirement
 13543 | D:12     | Acquired the amulet "Meetoy" {Reflect rC++ Will+ Slay+2
                  | SH+5}
 13557 | D:12     | Found a staircase to the Orcish Mines.
 13850 | D:12     | Noticed a two-headed ogre
 13858 | D:12     | Killed a two-headed ogre
 14070 | D:12     | Identified the +9 war axe "Hiubuyj" {vorpal, *Rage rPois
                  | rF+ Str+3} (Okawaru gifted it to you on level 12 of the
                  | Dungeon)
 14070 | D:12     | Received a gift from Okawaru
 14395 | D:12     | Noticed a two-headed ogre
 14400 | D:12     | Killed a two-headed ogre
 14821 | Orc:1    | Entered Level 1 of the Orcish Mines
 15048 | Orc:1    | Found a transporter.
 15049 | Orc:1    | Noticed a two-headed ogre
 15049 | Orc:1    | Noticed destino's ghost (journeyman DEFE)
 15049 | Orc:1    | Noticed a two-headed ogre
 15051 | Orc:1    | Noticed an ettin
 15051 | Orc:1    | Noticed a two-headed ogre
 15051 | Orc:1    | Noticed a two-headed ogre
 15052 | Orc:1    | Noticed a two-headed ogre
 15083 | Orc:2    | Entered Level 2 of the Orcish Mines
 15083 | Orc:2    | Noticed an orc sorcerer
 15093 | Orc:1    | Killed an orc sorcerer
 15137 | Orc:2    | Noticed Jorgrun
 15139 | Orc:2    | Noticed a two-headed ogre
 15139 | Orc:2    | Noticed a two-headed ogre
 15139 | Orc:2    | Noticed a two-headed ogre
 15321 | Orc:1    | Demolished by Jorgrun

Illustrated notes

Levels and vault maps discovered:
D:1:      dpeg_arrival_rooms_c, layout_basic, serial_shops,
          nicolae_shop_window_shopping, glass_columns_a, minmay_pentomino_v2
D:2:      layout_basic, basic_ecumenical_altar, minmay_lizard_king, uniq_terence
D:3:      lemuel_castle_with_subvaults [lemuel_castle_interior_carwin_2],
          layout_loops_ring, nemelex_dance_club_becter, zin_statuary,
          gup_sewer_entry_spiral
D:4:      layout_rooms, kennysheep_donut, chequers_serial_rivers_micro_a,
          kennysheep_generic_room_4
D:5:      minmay_diamond_boxcup, layout_loops_cross, okawaru_metal_pillars_1_2,
          abandoned_shop, kennysheep_generic_room_13
D:6:      layout_loops_ring, gammafunk_ghost_nasty_kobolds, uniq_eustachio
D:7:      layout_cave_pods, minmay_temple_entry_large_hall, serial_shops, shop
D:8:      layout_cave_pools, mainiacjoe_overflow_alcove_2,
          overflow_temple_1_default, lemuel_mausoleum_altar_yredelemnul
D:9:      layout_roguey, hex_medium
D:10:     layout_roguey, erik_lair_island, hangedman_glass_teeth
D:11:     layout_rooms
D:12:     layout_loops_corners, david_orc_1_choice
Orc:1:    layout_caves, gammafunk_ghost_smash, serial_shops,
          nicolae_shop_hallway_plus, guppyfry_library_mini
Orc:2:    kennysheep_orc_mage_school, layout_diamond_mine, basic_altar,
          hellmonk_bongcloud_opening, uniq_jorgrun

Skill      XL: |  1  2  3  4  5  6  7  8  9 10 11 |
---------------+----------------------------------+-----
Fighting       | 4 5 6 8 9 11 13 | 13.0
Armour         | 4 5 6 7 8 10 11 13 | 13.0
Axes           | 3 4 5 6 7 9 11 12 | 12.6
Shields        | 4 5 6 7 8 9 |  9.6

Action                   |  1- 3 |  4- 6 |  7- 9 | 10-12 || total
-------------------------+-------+-------+-------+-------++-------
Melee: War axe           |    41 |   178 |   329 |   294 ||   842
       Headbutt          |     2 |    20 |    51 |    57 ||   130
Throw: Javelin           |       |       |       |     8 ||     8
       Dart              |       |       |       |     3 ||     3
  Use: Scroll            |       |       |       |    15 ||    15
Armor: Scale mail        |    19 |   125 |   136 |    98 ||   378
Dodge: Dodged            |    17 |   111 |   117 |    94 ||   339
Block: Buckler           |     8 |    57 |    58 |       ||   123
       Kite shield       |       |       |    27 |   222 ||   249
       Reflection        |       |       |       |     4 ||     4
